 Dungeon Crawl Stone Soup version 0.28-a0-1190-g77e1c55843 (webtiles) character file.

Game seed: 14784145212098785131

66 Mamutox the Sneak (level 3, 0/18 HPs)
             Began as a Spriggan Venom Mage on Dec 18, 2021.
             Slain by an adder (3 damage)
             ... in a sewer.
             The game lasted 00:09:24 (1939 turns).

Mamutox the Sneak (Spriggan Venom Mage)             Turns: 1939, Time: 00:09:25

Health: 0/18       AC:  2    Str:  4    XL:     3   Next: 96%
Magic:  9/9        EV: 18    Int: 18    God:
Gold:   94         SH:  0    Dex: 15    Spells: 3/9 levels left

rFire   . . .      SeeInvis +   e - +0 short sword
rCold   . . .      Faith    .   (shield restricted)
rNeg    . . .      Spirit   .   a - +0 robe
rPois   .          Reflect  .   (helmet restricted)
rElec   .          Harm     .   (no cloak)
rCorr   .          Rampage  .   (gloves unavailable)
Will    .....                   (boots unavailable)
Stlth   ++........              (no amulet)
HPRegen 0.06/turn               (no ring)
MPRegen 0.11/turn               (no ring)

@: slow
A: very small, no large weapons, unfitting armour, see invisible, speed 3
a: no special abilities


You were in a sewer.
You visited 1 branch of the dungeon, and saw 3 of its levels.
You also visited: Sewer.

You collected 94 gold pieces.

Inventory:

Hand Weapons
 e - a +0 short sword (weapon)
 p - a +0 hunting sling
Missiles
 f - 76 stones
 h - 34 arrows
 j - 47 bolts
 l - 23 sling bullets
 o - 4 poisoned darts (quivered)
Armour
 a - a +0 robe (worn)
Wands
 i - a wand of paralysis (11)
Scrolls
 d - a scroll of torment {unknown}
 g - a scroll of amnesia {unknown}
 k - 2 scrolls of identify {unknown}
 m - 2 scrolls of brand weapon {unknown}
 n - a scroll of holy word {unknown}
 q - a scroll of fear {unknown}
 r - a scroll of summoning {unknown}
Potions
 b - 2 potions of invisibility {unknown}
 c - 2 potions of attraction {unknown}


   Skills:
 - Level 1.0 Fighting
 + Level 0.0 Short Blades
 + Level 3.5 Dodging
 + Level 4.1 Stealth
 + Level 3.6 Spellcasting
 - Level 1.8 Transmutations
 - Level 3.1 Poison Magic


You had 3 spell levels left.
You knew the following spells:

 Your Spells              Type           Power      Damage    Failure   Level
a - Sting                 Tmut/Pois      48%        1d5       5%          1
b - Poisonous Vapours     Pois/Air       16%        N/A       12%         2
c - Mephitic Cloud        Conj/Pois/Air  7%         N/A       30%         3

Your spell library contained the following spells:

 Spells                   Type           Power      Damage    Failure   Level
 Olgreb's Toxic Radiance  Pois           14%        N/A       38%         4


Dungeon Overview and Level Annotations

Branches:
Dungeon (3/15)              Sewer (1/1)

Altars:


Innate Abilities, Weirdness & Mutations

You are very small and have problems with some larger weapons.
You are too small for most types of armour.
You have supernaturally acute eyesight. (SInv)
You cover ground extremely quickly. (Speed+++)


Message History

You enter the shallow water.
Moving in this stuff is going to be slow.
The adder barely misses you. The adder misses you.
You enter the shallow water.
Moving in this stuff is going to be slow.
The adder closely misses you. The adder bites you.
You are poisoned.
The adder poisons you!
You feel sick. The adder bites you but does no damage.
You feel sick.
The adder looks more healthy.
You feel sick.
You enter the shallow water.
Moving in this stuff is going to be slow.
You feel sick.
You feel sick. The adder bites you.
You feel sick.
You are no longer poisoned.
The adder bites you.
* * * LOW HITPOINT WARNING * * *
The adder misses you. The adder closely misses you.
You enter the shallow water.
Moving in this stuff is going to be slow.
The adder closely misses you. The adder misses you.
You see here a ball python corpse.
The adder misses you.
Things that are here:
a +0 dagger; a kobold corpse The adder barely misses you.
You enter the shallow water.
Moving in this stuff is going to be slow.
The adder bites you.
* * * LOW HITPOINT WARNING * * *
The adder completely misses you. The adder misses you. The adder bites you.
You die...

#≈# #≈# #≈# ##≈## ##≈## ##≈##
##.≈.## ##.≈≈## ##..≈##
####≈.≈≈.#####≈≈≈..####....≈#
≈≈≈≈..≈≈≈≈≈≈≈≈≈.∩.≈≈≈≈≈....≈#
####.....#####.≈.)≈####.....#
##.≈.## ##..≈## ##≈.≈## ##≈##
##≈## ##### #≈# #@# #≈# #S#
##≈## ##≈## ##.≈≈## ##≈.≈##
#≈....#####..≈..#
#≈≈.≈.≈≈†)≈....≈#
#....≈#####..≈..# ##...##
##≈≈.## ##### #####


You could see an adder.

Vanquished Creatures
  2 worms (Sewer)
  3 orcs (D:3)
  8 endoplasms
  4 giant cockroaches
  4 goblins
  5 hobgoblins
  2 quokkas
  7 ball pythons
  3 bats (D:1)
  2 frilled lizards (D:1)
  5 kobolds
  5 rats
50 creatures vanquished.

Notes
Turn   | Place    | Note
-------+----------+-------------------------------------------
     0 | D:1      | Mamutox the Spriggan Venom Mage began the quest for the
                  | Orb.
     0 | D:1      | Reached XP level 1. HP: 9/9 MP: 5/5
   205 | D:1      | Reached XP level 2. HP: 13/13 MP: 1/6
   840 | D:2      | Noticed a phantom
  1030 | D:2      | Reached XP level 3. HP: 17/17 MP: 5/8
  1135 | D:2      | Learned a level 2 spell: Poisonous Vapours
  1143 | D:2      | Learned a level 3 spell: Mephitic Cloud
  1607 | D:3      | Found a glowing drain.
  1612 | Sewer    | Entered a sewer
  1630 | Sewer    | Reached skill level 4 in Stealth
  1659 | Sewer    | Reached skill level 1 in Fighting
  1768 | Sewer    | Noticed a kobold brigand
  1939 | Sewer    | Slain by an adder

Illustrated notes

Levels and vault maps discovered:
D:1:      moated_graveyard_arrival, layout_rooms, roderic_serpentine_path,
          hex_large
D:2:      layout_rooms, amcnicky_mini_rare_corridor_liquid,
          kennysheep_jessica_study
D:3:      minmay_door_path, layout_basic, grunt_dithmenos_smoke,
          nicolae_sif_muna_little_library, portal_sewer_entry_e,
          guppyfry_early_orc_mine
Sewer:    sewer_co_15_rooms

Skill      XL: |  1  2  3 |
---------------+----------+-----
Dodging        | 3 |  3.5
Spellcasting   | 3 |  3.6
Stealth        | 4 |  4.1
Fighting       | 1 |  1.0
Transmutations | |  1.8
Poison Magic   | |  3.1

Action                   || total
-------------------------++-------
Melee: Short sword       ||    11
Throw: Dart              ||     4
 Cast: Sting             ||    89
Armor: Robe              ||     4
Dodge: Dodged            ||    41

Table legend: (Time is in decaauts)
 A = Elapsed time spent in this place.
 B = Non-inter-level travel time spent in this place.
 C = Inter-level travel time spent in this place.
 D = Time resting spent in this place.
 E = Time spent auto-exploring this place.
 F = Levels seen in this place.
 G = Mean time per level.
                   A        B        C        D        E       F      G
               +--------+--------+--------+--------+--------+-----+--------+
         Total |   1500 |   1473 |     27 |    221 |    551 |   4 |  375.0 |
       Dungeon |   1193 |   1166 |     27 |    154 |    527 |   3 |  397.7 |
         Sewer |    306 |    306 |      0 |     67 |     24 |   1 |  306.0 |
               +--------+--------+--------+--------+--------+-----+--------+

Top non-repeatable levels by time:
     D:1: 608 daAuts
     D:2: 360 daAuts
   Sewer: 306 daAuts
     D:3: 224 daAuts
